 Dungeon Crawl Stone Soup version bcrawl-1.21.2-28-g2cb1824106 (webtiles) character file.

Game seed: 11037479200313824110

26352 McKennaii the Eclecticist (level 12, -4/92 HPs)
             Began as a Djinni Fire Elementalist on Mar 15, 2020.
             Was a Priest of Vehumet.
             Slain by a freezing wraith (9 damage)
             ... on level 10 of the Dungeon.
             The game lasted 00:45:37 (15015 turns).

McKennaii the Eclecticist (DjFE)                   Turns: 15015, Time: 00:45:37

Health: -4/92      AC: 12    Str: 12    XL:     12   Next: 97%
Magic:  5/37       EV: 13    Int: 26    God:    Vehumet [***...]
Gold:   621        SH:  0    Dex: 11    Spells: 30/41 levels left

rFire    + . .     SeeInvis .   O - staff of conjuration
rCold    . . .     Gourm    .   (no shield)
rNeg     . . .     Faith    .   M - +2 ring mail {MR+}
rPois    .         Spirit   .   G - +1 helmet
rElec    .         Reflect  .   f - +0 cloak
rCorr    +         Harm     .   U - +0 pair of gloves
MR       +++..     Rnd*Rage +   (boots unavailable)
Stlth    +.........             H - amulet of regeneration
HPRegen  0.65/turn              y - ring of Piedghox {rCorr Int+4}
MPRegen  0.25/turn              h - ring of protection from magic

@: flying, slowed, studying Fighting, very slow
A: never pass out, berserk 2, blink, blurry vision 2, fire resistance 1, high mp
2, wild magic 3, disrupted magic 1, MP-powered wands, floating
a: Blink, Renounce Religion


You were on level 10 of the Dungeon.
You worshipped Vehumet.
Vehumet was most pleased with you.
You were hungry.

You visited 2 branches of the dungeon, and saw 12 of its levels.

You collected 821 gold pieces.
You spent 200 gold pieces at shops.

Inventory:

Hand Weapons
 l - a +1 dagger of venom
Armour
 a - a +0 robe
 f - a +0 cloak (worn)
 g - a +0 buckler
 G - a +1 helmet (worn)
 M - a +2 ring mail of magic resistance (worn)
 U - a +0 pair of gloves (worn)
Magical Staves
 O - an uncursed staff of conjuration (weapon)
Jewellery
 h - a ring of protection from magic (right hand)
 i - an uncursed ring of protection from fire
 y - the ring of Piedghox (left hand) {rCorr Int+4}
   (You found it on level 6 of the Dungeon)

   [ring of resist corrosion]

   It affects your intelligence (+4).
   It provides partial protection from all sources of acid and corrosion.
 H - an amulet of regeneration (around neck)
 R - an uncursed ring of protection from cold
Wands
 v - a wand of disintegration (24)
 x - a wand of acid (2)
 A - a wand of random effects (15)
 F - a wand of paralysis (8)
 K - a wand of enslavement (10)
 N - a wand of polymorph (6)
 P - a wand of iceblast (7)
Scrolls
 b - a scroll of summoning {unknown}
 j - 2 scrolls of amnesia
 k - 6 scrolls of teleportation
 m - 5 scrolls of magic mapping {unknown}
 n - 2 scrolls of blinking {unknown}
 r - 2 scrolls of fog
 t - 4 scrolls of noise {unknown}
 w - 2 scrolls of remove curse
 B - a scroll of acquirement {unknown}
 D - 2 scrolls of immolation {unknown}
 E - 4 scrolls of identify
 J - a scroll of fear {unknown}
 L - a scroll of enchant armour {unknown}
Potions
 d - 2 potions of agility
 o - 2 potions of mutation
 p - 5 potions of might
 s - 2 potions of degeneration {unknown}
 u - 4 potions of ambrosia {unknown}
 z - a potion of invisibility {unknown}
 C - a potion of resistance {unknown}
 I - 3 potions of curing
 Q - a potion of haste
Books
 c - a manual of Fighting
Miscellaneous
 S - a lightning rod (1/4)
 T - a phial of floods
Comestibles
 e - 17 rations {!d}


   Skills:
 + Level 4.4 Fighting
 * Level 5.3 Armour
 + Level 6.4 Dodging
 - Level 1.5 Stealth
 + Level 15.2 Spellcasting
 + Level 12.1 Conjurations
 + Level 13.1 Fire Magic
 + Level 3.0 Air Magic
 + Level 1.0 Evocations


You had 30 spell levels left.
You knew the following spells:

 Your Spells              Type           Power        Failure   Level  Hunger
a - Flame Tongue          Conj/Fire      #####        1%          1    None
b - Sticky Flame          Conj/Fire      ########     1%          4    None
c - Fireball              Conj/Fire      ########..   2%          5    None
d - Shock                 Conj/Air       #####        1%          1    None

Your spell library contained the following spells:

 Spells                   Type           Power        Failure   Level  Hunger
 Mephitic Cloud           Conj/Pois/Air  #######.     4%          3    None
 Conjure Flame            Conj/Fire      ########     1%          3    None
 Inner Flame              Hex/Fire       N/A          3%          3    None
 Sandblast                Erth           #####.       7%          1    None
 Flaming Arrows           Chrm/Fire      #######.     8%          2    None
 Apportation              Tloc           #####.       26%         1    None
 Infusion                 Chrm           #####...     26%         1    None
 Slow                     Hex            #####...     26%         1    None
 Summon Butterflies       Summ           #####...     26%         1    None


Dungeon Overview and Level Annotations

Branches:
Dungeon (11/12)            Temple (1/1) D:6            Lair (0/6) D:7
    Orc (0/1) D:11         Vaults (0/3) D:11

Altars:
Ashenzari
Dithmenos
Fedhas
Hepliaklqana
Lugonu
Makhleb
Okawaru
Ru
Trog
Vehumet
Zin
The Shining One

Shops:
D:4 =   D:5 [   D:7 ?*(=   D:11 =

Annotations:
D:11 pheathergobbo575's ghost, journeyman FoFi


Innate Abilities, Weirdness & Mutations

You never pass out after going berserk.
You often lose your temper in combat.
You can translocate small distances at will.
Scrolls take you longer to read.
Your flesh is heat resistant. (rF+)
You have a considerably increased reservoir of magic. (+20% MP)
Your spells are much harder to cast, but much more powerful.
Your casting is slightly disrupted.
You expend magic power (3 MP) to strengthen your wands.
Your body floats in the air.


Message History

Evoke which item? (* to show all) (? for menu, Esc to quit)
Aiming: Thunderbolt
Press: ? - help, Shift-Dir - straight line, f/p - freezing wraith
Aim: a freezing wraith (heavily damaged)
The thunderbolt hits the freezing wraith but does no damage.
The freezing wraith is heavily damaged.
Evoke which item? (* to show all) (? for menu, Esc to quit)
Aiming: Thunderbolt
Press: ? - help, Shift-Dir - straight line, f/p - freezing wraith
Aim: a freezing wraith (heavily damaged)
The thunderbolt hits the freezing wraith but does no damage.
The freezing wraith is heavily damaged.
Evoke which item? (* to show all) (? for menu, Esc to quit)
Aiming: Thunderbolt
Press: ? - help, Shift-Dir - straight line, f/p - freezing wraith
Aim: a freezing wraith (heavily damaged)
The thunderbolt hits the freezing wraith but does no damage.
The freezing wraith is heavily damaged.
The freezing wraith closely misses you. The freezing wraith hits you!
You die...

##...≈≈≈....####
.....≈≈≈.......##########
###..≈≈≈.......#...##...##
.........................##
##.#.)....................#
....)#[....(..............#
##........(..(............#
......#...##.##..........##
.#...###.<...###@...#...##
.......##.......W.......#
.....#..................#
...<.##..........≈≈≈≈.≈.#
......[..........≈≈≈≈≈≈(#
.....###........≈≈≈≈≈≈..#
......##.........≈≈≈≈≈..#
.......#.........≈≈≈≈...#
.......##........≈......#


You could see a freezing wraith.

Vanquished Creatures
  4 vault guards (D:11)
  A catoblepas (D:11)
  4 centaur warriors
  2 two-headed ogres
  5 skeletal warriors (D:11)
  An unseen horror (D:11)
  A deep elf archer (D:11)
  Pikel (D:7)
  2 cyclopes
  A deep elf mage (D:11)
  4 ugly things (D:11)
  A manticore (D:11)
  A centaur zombie (D:11)
  Joseph (D:10)
  2 centaur skeletons
  A freezing wraith (D:11)
  A troll (D:11)
  A queen bee (D:8)
  Grinder (D:5)
  3 hippogriffs
  4 slime creatures (D:9)
  2 shadows
  3 centaur simulacra (D:10)
  A vampire (D:11)
  8 yaks
  3 wraiths
  2 wyverns
  2 hungry ghosts
  Menkaure (D:5)
  A crocodile (D:6)
  A water moccasin (D:8)
  Duvessa (D:7)
  4 orc warriors
  2 ice beasts
  2 sky beasts
  3 slaves
  A phantom (D:6)
  3 black bears
  2 wolves (D:10)
  A centaur (shapeshifter) (D:11)
  4 ogres
  5 centaurs
  4 bullfrogs
  2 big kobolds
  Dowan (D:7)
  A scorpion (D:6)
  14 killer bees (D:8)
  2 howler monkeys
  2 electric eels
  8 crimson imps
  3 quasits
  6 hounds
  8 orc priests
  Crazy Yiuf (D:2)
  2 jellies
  Jessica (D:2)
  3 iguanas
  5 orc wizards
  2 worker ants
  5 hound skeletons
  A worker ant zombie (D:6)
  6 gnolls
  7 adders
  2 shadow imps
  A white imp (D:10)
  An ufetubus (D:9)
  An ooze (D:4)
  An adder skeleton (D:8)
  5 worms
  2 dart slugs (D:2)
  5 leopard geckos
  40 orcs
  A ball python (D:1)
  4 giant cockroaches
  6 goblins
  13 hobgoblins
  9 jackals
  3 quokkas
  5 bats
  6 frilled lizards
  24 kobolds
  4 rats
311 creatures vanquished.

Notes
Turn   | Place    | Note
-------+----------+-------------------------------------------
     0 | D:1      | McKennaii the Djinni Fire Elementalist began the quest for
                  | the Orb.
     0 | D:1      | Reached XP level 1. HP: 14/14 MP: 4/4
   470 | D:1      | Reached XP level 2. HP: 15/20 MP: 1/6
  1354 | D:1      | Reached XP level 3. HP: 26/26 MP: 6/8
  1774 | D:2      | Noticed Jessica
  1791 | D:2      | Killed Jessica
  2057 | D:2      | Gained mutation: Your spells are harder to cast, but more
                  | powerful. [Djinni growth]
  2057 | D:2      | Gained mutation: You can translocate small distances at
                  | will. [Djinni growth]
  2057 | D:2      | Reached XP level 4. HP: 29/33 MP: 6/9
  2059 | D:2      | Reached skill level 4 in Spellcasting
  2583 | D:2      | Reached skill level 5 in Fire Magic
  2600 | D:2      | Found a faded altar of an unknown god.
  2690 | D:2      | Found a burning altar of Makhleb.
  2690 | D:2      | Noticed a blizzard demon
  2787 | D:2      | Found a runed door.
  2927 | D:2      | Noticed Crazy Yiuf
  2930 | D:2      | Killed Crazy Yiuf
  2930 | D:2      | Reached XP level 5. HP: 39/39 MP: 7/11
  3063 | D:3      | Reached skill level 5 in Spellcasting
  3324 | D:3      | Reached XP level 6. HP: 46/46 MP: 5/14
  3649 | D:3      | Found a glowing golden altar of the Shining One.
  3649 | D:3      | Found an iron altar of Okawaru.
  3881 | D:4      | Found Josm's Jewellery Shoppe.
  4097 | D:4      | Reached skill level 1 in Fighting
  4097 | D:4      | Reached skill level 6 in Spellcasting
  4624 | D:4      | Reached XP level 7. HP: 49/52 MP: 10/16
  5089 | D:4      | Found a corrupted altar of Lugonu.
  5208 | D:5      | Entered Level 5 of the Dungeon
  5442 | D:5      | Noticed Grinder
  5448 | D:5      | Killed Grinder
  5448 | D:5      | Reached skill level 7 in Spellcasting
  5546 | D:5      | Learned a level 4 spell: Sticky Flame
  5552 | D:5      | Learned a level 5 spell: Fireball
  5573 | D:5      | Found Kaurus's Antique Armour Boutique.
  5610 | D:5      | Found a bloodstained altar of Trog.
  5734 | D:5      | Reached skill level 5 in Conjurations
  5734 | D:5      | Gained mutation: Your spells are much harder to cast, but
                  | much more powerful. [Djinni growth]
  5734 | D:5      | Reached XP level 8. HP: 35/61 MP: 10/19
  5929 | D:5      | Noticed Menkaure
  5932 | D:5      | Killed Menkaure
  5947 | D:5      | Found a hazy altar of Hepliaklqana.
  5980 | D:5      | Reached skill level 8 in Spellcasting
  6335 | D:5      | Got a pair of ancient boots
  6531 | D:6      | Got a fine brass ring
  6533 | D:6      | Identified the ring of Piedghox {rCorr Int+4} (You found it
                  | on level 6 of the Dungeon)
  6789 | D:6      | Reached skill level 9 in Spellcasting
  6789 | D:6      | Reached XP level 9. HP: 26/68 MP: 10/22
  7577 | D:6      | Found a staircase to the Ecumenical Temple.
  7749 | D:7      | Found Zin's Purification Station.
  7750 | D:7      | Noticed Pikel
  7759 | D:7      | Noticed Dowan
  7834 | D:7      | Noticed a centaur warrior
  8043 | D:7      | Found Ecwoesim's Weapon Shoppe.
  8193 | D:7      | Killed a centaur warrior
  8193 | D:7      | Reached skill level 5 in Dodging
  8193 | D:7      | Reached skill level 10 in Spellcasting
  8255 | D:7      | Found Hawuf's Jewellery Shop.
  8287 | D:7      | Noticed Duvessa
  8288 | D:7      | Found a staircase to the Lair.
  8295 | D:7      | Killed Duvessa
  8300 | D:7      | Killed Dowan
  8376 | D:7      | Found a glowing silver altar of Zin.
  8396 | D:7      | Killed Pikel
  8396 | D:7      | Reached skill level 1 in Evocations
  8396 | D:7      | Reached XP level 10. HP: 59/77 MP: 8/24
  8416 | D:7      | Found a flagged portal.
  8454 | D:7      | Found Uxiacheyni's Magic Scroll Shop.
  8489 | D:7      | Bought a scroll of identify for 32 gold pieces
  8489 | D:7      | Bought a scroll of identify for 32 gold pieces
  8489 | D:7      | Bought a scroll of teleportation for 48 gold pieces
  8489 | D:7      | Bought a scroll of fog for 32 gold pieces
  8489 | D:7      | Bought a scroll of amnesia for 56 gold pieces
  8835 | Temple   | Entered the Ecumenical Temple
  8848 | Temple   | Became a worshipper of Vehumet
  9293 | D:8      | Reached skill level 11 in Spellcasting
  9293 | D:8      | Reached skill level 10 in Fire Magic
  9530 | D:8      | Reached * piety under Vehumet
  9530 | D:8      | Offered knowledge of Freeze by Vehumet.
  9590 | D:8      | HP: 1/77 [killer bee (9)]
 10510 | D:9      | Found a shadowy altar of Dithmenos.
 10622 | D:9      | Reached skill level 12 in Spellcasting
 10756 | D:9      | Noticed a two-headed ogre
 10761 | D:9      | Killed a two-headed ogre
 10865 | D:9      | Reached XP level 11. HP: 53/83 MP: 16/27
 11086 | D:9      | Noticed a cyclops
 11088 | D:9      | Killed a cyclops
 11159 | D:9      | Reached ** piety under Vehumet
 11159 | D:9      | Offered knowledge of Shock by Vehumet.
 11167 | D:9      | Learned a level 1 spell: Shock
 11366 | D:9      | Noticed a centaur warrior
 11368 | D:9      | Killed a centaur warrior
 11514 | D:10     | Entered Level 10 of the Dungeon
 11514 | D:10     | Noticed a cyclops
 11516 | D:10     | Killed a cyclops
 11516 | D:10     | Reached skill level 10 in Conjurations
 11592 | D:10     | Reached skill level 13 in Spellcasting
 11847 | D:10     | Reached skill level 1 in Air Magic
 11849 | D:10     | HP: 2/83 [yak (14)]
 12056 | D:10     | Noticed a two-headed ogre
 12063 | D:10     | Killed a two-headed ogre
 12221 | D:10     | Noticed Joseph
 12224 | D:10     | Killed Joseph
 12731 | D:11     | Found a staircase to the Orcish Mines.
 12756 | D:11     | Noticed a catoblepas
 12771 | D:11     | Killed a catoblepas
 12771 | D:11     | Reached skill level 1 in Armour
 12783 | D:11     | Offered knowledge of Mephitic Cloud by Vehumet.
 12928 | D:11     | Reached skill level 14 in Spellcasting
 12940 | D:11     | Noticed a vault guard
 13048 | D:11     | Killed a vault guard
 13048 | D:11     | Gained mutation: Your casting is slightly disrupted.
                  | [Djinni growth]
 13048 | D:11     | Gained mutation: Your flesh is heat resistant. (rF+)
                  | [Djinni growth]
 13048 | D:11     | Gained mutation: You have an increased reservoir of magic.
                  | (+10% MP) [Djinni growth]
 13048 | D:11     | Gained mutation: You have a considerably increased
                  | reservoir of magic. (+20% MP) [Djinni growth]
 13048 | D:11     | Reached XP level 12. HP: 91/91 MP: 14/36
 13143 | D:11     | Found a runed translucent gate.
 13143 | D:11     | Found a runed translucent gate.
 13143 | D:11     | Found a runed translucent gate.
 13144 | D:11     | Noticed pheathergobbo575's ghost (journeyman FoFi)
 13206 | D:11     | Noticed a vault guard
 13211 | D:11     | Noticed a centaur warrior
 13213 | D:11     | Noticed a vault guard
 13214 | D:11     | Killed a vault guard
 13217 | D:11     | Killed a vault guard
 13217 | D:11     | Killed a centaur warrior
 13518 | D:11     | Noticed a vault guard
 13521 | D:11     | Killed a vault guard
 13715 | D:11     | Reached *** piety under Vehumet
 13833 | D:11     | Identified the cursed +2 falchion of Ruination {slice,
                  | +Rage}
 13867 | D:11     | Noticed a centaur warrior
 13872 | D:11     | Killed a centaur warrior
 13872 | D:11     | Reached skill level 15 in Spellcasting
 14079 | D:11     | Found a gate to the Vaults.
 14124 | D:11     | Found Diong's Jewellery Shop.
 14527 | D:11     | Reached skill level 5 in Armour
 15015 | D:10     | Slain by a freezing wraith

Skill      XL: |  1  2  3  4  5  6  7  8  9 10 11 12 |
---------------+-------------------------------------+-----
Fire Magic     | 4 5 6 8 9 11 12 13 | 13.1
Spellcasting   | 4 5 6 7 9 10 12 14 15 | 15.2
Conjurations   | 2 3 5 6 8 9 11 12 | 12.1
Fighting       | 1 2 3 4 |  4.4
Dodging        | 3 4 5 6 |  6.4
Evocations     | 1 |  1.0
Air Magic      | 2 3 |  3.0
Armour         | 2 5 |  5.3
Stealth        | |  1.5

Action                   |  1- 3 |  4- 6 |  7- 9 | 10-12 || total
-------------------------+-------+-------+-------+-------++-------
Melee: Unarmed           |    16 |       |       |       ||    16
       Dagger            |     6 |    37 |   135 |    86 ||   264
       Staff             |       |       |       |     1 ||     1
 Cast: Flame Tongue      |    62 |   132 |   206 |   241 ||   641
       Sticky Flame      |       |       |    10 |   104 ||   114
       Fireball          |       |       |       |    46 ||    46
       Shock             |       |       |       |    28 ||    28
 Abil: Blink             |       |       |       |     5 ||     5
Evoke: Wand              |       |       |     2 |       ||     2
       Lightning rod     |       |       |       |     3 ||     3
  Use: Scroll            |       |     2 |     3 |     3 ||     8
       Potion            |       |     1 |       |     3 ||     4
  Eat: Chunk             |     3 |     7 |    10 |    16 ||    36
       Ration            |       |       |     1 |     2 ||     3
Armor: Robe              |     7 |     9 |    41 |    20 ||    77
       Ring mail         |       |       |       |    56 ||    56
Dodge: Dodged            |    26 |    59 |   160 |   189 ||   434
